 Dungeon Crawl Stone Soup version 0.31.0-9-g3a7656b989 (webtiles) character file.

Game seed: 126984791738048717

1353 Gabide the Chiller (level 8, -6/61 (66) HPs)
             Began as a Demigod Ice Elementalist on Jan 29, 2024.
             Mangled by a wight
             ... wielding a +3 great sword
              (23 damage)
             ... on level 6 of the Dungeon.
             The game lasted 00:12:03 (6229 turns).

Gabide the Chiller (Demigod Ice Elementalist)       Turns: 6229, Time: 00:12:04

HP:   -6/61 (66)    AC:  4    Str:  9    XL:     8   Next: 14%
MP:   1/17          EV: 13    Int: 31    God:
Gold: 295           SH:  0    Dex: 14    Spells: 4/14 levels left

rFire   . . .        a - staff of cold
rCold   + + .        (no shield)
rNeg    . . .        i - +1 robe {rC+}
rPois   .            e - +0 helmet
rElec   .            l - scarf {repulsion}
rCorr   .            (no gloves)
SInv    .            (no boots)
Will    .....        (no amulet)
Stlth   ++           c - ring of wizardry
HPRegen 0.30/turn    p - +6 ring of intelligence
MPRegen 0.15/turn

%: repel missiles, wizardry (x1)
@: drained
A: high MP 1, forlorn, divine attributes
a: no special abilities


You were on level 6 of the Dungeon.
You visited 2 branches of the dungeon, and saw 7 of its levels.

You collected 295 gold pieces.

Inventory:

Hand Weapons
 b - a +1 dagger
 g - the +0 war axe "Nearea" {vamp, Int+3}
   (You found it on level 2 of the Dungeon)

   Int+3:     It affects your intelligence (+3).
 y - a +2 hand axe of distortion
Missiles
 m - 2 curare-tipped darts
Armour
 e - a +0 helmet (worn)
 i - a +1 robe of cold resistance (worn)
 l - a scarf of repulsion (worn)
Magical Staves
 a - a staff of cold (weapon)
Jewellery
 c - a ring of wizardry (left hand)
 n - a ring of resist corrosion
 p - a +6 ring of intelligence (right hand)
Wands
 s - a wand of paralysis (12)
 t - a wand of flame (2)
 u - a wand of roots (8)
Scrolls
 z - a scroll of vulnerability
Potions
 d - 3 potions of brilliance
 f - 2 potions of cancellation {unknown}
 h - a potion of magic
 j - 2 potions of might
 k - 3 potions of lignification
 o - 4 potions of enlightenment {unknown}
 q - a potion of curing {unknown}
 r - a potion of berserk rage {unknown}
 v - a potion of mutation {unknown}
 w - a potion of degeneration {unknown}
 x - 2 potions of resistance {unknown}


   Skills:
 + Level 3.9 Fighting
 + Level 4.0 Dodging
 - Level 3.0 Stealth
 + Level 3.8 Spellcasting
 * Level 7.1 Ice Magic


You had 4 spell levels left.
You knew the following spells:

 Your Spells              Type           Power      Damage    Failure   Level
a - Freeze                Ice            100%       1d10      1%          1
b - Frozen Ramparts       Ice            100%       1d16      1%          3
c - Ozocubu's Armour      Ice            66%        N/A       1%          3
d - Summon Ice Beast      Ice/Summ       42%        N/A       1%          3

Your spell library contained the following spells:

 Spells                   Type           Power      Damage    Failure   Level
 Fugue of the Fallen      Necr           5%         N/A       8%          3
 Manifold Assault         Tloc           5%         N/A       24%         4


Dungeon Overview and Level Annotations

Branches:
Dungeon (6/15)             Temple (1/1) D:5


Innate Abilities, Weirdness & Mutations

You have an increased reservoir of magic. (+10% MP)
You shall have no god before yourself.
Your divine heritage dramatically boosts your attributes as you level up.


Message History

You hit the wight but do no damage.
The wight is almost destroyed.
The wight closely misses you.
The wight hits your ice beast with a +2 war axe!
Your ice beast barely misses the wight.
You hit the wight but do no damage.
The wight is almost destroyed.
The wight closely misses you.
Your ice beast hits the wight but does no damage.
The wight hits your ice beast with a +2 war axe.
You hit the wight but do no damage.
The wight is almost destroyed.
The wight hits you with a +3 great sword!
Your ice beast hits the wight.
Your ice beast freezes the wight.
The wight resists.
The wight barely misses your ice beast.
Okay, then.
Your ice beast barely misses the wight.
The wight hits your ice beast with a +4 spear.
Your ice beast barely misses the wight.
Your ice beast misses the wight.
Your ice beast hits the wight but does no damage.
Your ice beast hits the wight but does no damage.
Casting: Summon Ice Beast (safe; 1% risk of failure)
Confirm with . or Enter, or press ? or * to list all spells.
Okay, then.
The wight attacks as it pursues you! The wight closely misses you.
Casting: Summon Ice Beast (safe; 1% risk of failure)
Press: ? - help, Q - select action, (/) - cycle Dir - look around, f - activate You feel a surge of power!
A chill wind blows around you.
You swap places.
The wight hits you with a +3 great sword.
* * * LOW HITPOINT WARNING * * *
You feel drained.
* * * LOW HITPOINT WARNING * * *
The wight hits your ice beast with a +2 war axe.
Your ice beast hits the wight.
Your ice beast freezes the wight.
The wight resists.
The wight attacks as it pursues you!
The wight hits you with a +3 great sword!!
You die...

....#................# #.# ###
##............##.# #.#
#........#..## #.# #....#.#...##
#.# ##...##.#)### #.#
####....##.#..# #.#
#Y.z....##.#..#########.######
##.###z..#.zzYz.##.....#......##
.#..#
#...z..###@...............#
...## ###.##.#
##................ #..# #..##.#
#...............< ...# #.#####
#................ ##.. ..
#................ #.. ...
#................ #.......
#................ #......
##..............# ##...
..##.....##


You could see 3 wights and a friendly ice beast (summoned).

Vanquished Creatures
  Eustachio (D:5)
  A gnoll sergeant (D:5)
  A bombardier beetle (D:3)
  A jelly (D:5)
  4 hounds
  2 iguanas
  An orc wizard (D:5)
  Robin (D:2)
  10 gnolls (D:5)
  9 adders
  A shadow imp (D:5)
  A dart slug (D:1)
  A ribbon worm (D:2)
  4 orcs
  3 bats
  6 endoplasms
  5 giant cockroaches
  15 goblins
  3 hobgoblins
  2 jackals (D:3)
  5 quokkas
  4 ball pythons
  2 frilled lizards
  8 kobolds
  5 rats
96 creatures vanquished.

Vanquished Creatures (collateral kills)
  Grinder (D:5)
  An ogre (D:5)
  A phantom (D:5)
  A jelly (D:6)
  2 bombardier beetles (D:5)
  2 orc priests (D:6)
  2 hounds (D:5)
  An orc wizard (D:6)
  2 gnolls (D:5)
  A white imp (D:6)
  A ribbon worm (D:5)
  An orc (D:6)
16 creatures vanquished.

Grand Total: 112 creatures vanquished

Notes
Turn   | Place    | Note
-------+----------+-------------------------------------------
     0 | D:1      | Gabide the Demigod Ice Elementalist began the quest for the
                  | Orb.
     0 | D:1      | Reached XP level 1. HP: 14/14 MP: 5/5
   384 | D:1      | Reached XP level 2. HP: 22/22 MP: 5/7
   407 | D:1      | You fall into a shaft and drop 1 floor!
  1570 | D:2      | Reached XP level 3. HP: 22/27 MP: 2/8
  1579 | D:2      | Reached skill level 4 in Ice Magic
  1633 | D:2      | Learned a level 3 spell: Frozen Ramparts
  1798 | D:2      | Identified the +0 war axe "Nearea" {vamp, Int+3}
  2140 | D:2      | Noticed Robin
  2154 | D:2      | Reached skill level 1 in Fighting
  2157 | D:2      | Killed Robin
  2602 | D:3      | Reached XP level 4. HP: 35/35 MP: 3/10
  3178 | D:4      | Reached XP level 5. HP: 38/40 MP: 4/11
  3347 | D:4      | Learned a level 3 spell: Ozocubu's Armour
  4239 | D:5      | Entered Level 5 of the Dungeon
  4507 | D:5      | Reached XP level 6. HP: 45/48 MP: 0/13
  4624 | D:5      | Reached skill level 5 in Ice Magic
  4846 | D:5      | Noticed Grinder
  4848 | D:5      | Paralysed by Grinder for 3 turns
  4966 | D:5      | Learned a level 3 spell: Summon Ice Beast
  5012 | D:5      | Reached XP level 7. HP: 22/56 MP: 1/14
  5138 | D:5      | Reached skill level 6 in Ice Magic
  5248 | D:5      | Found a staircase to the Ecumenical Temple.
  5302 | Temple   | Entered the Ecumenical Temple
  5412 | D:5      | Paralysed by Grinder for 2 turns
  5413 | D:5      | Killed Grinder
  5569 | D:5      | Noticed Eustachio
  5586 | D:5      | Killed Eustachio
  5827 | D:5      | Reached XP level 8. HP: 66/66 MP: 4/16
  6002 | D:6      | Reached skill level 7 in Ice Magic
  6229 | D:6      | Mangled by a wight

Illustrated notes

Levels and vault maps discovered:
D:1:      minmay_arrival_plants_in_alcoves, layout_basic, amethyst_killhole,
          chequers_serial_rivers_large_b, minmay_misc_feat_enclosed,
          minmay_octomino_c4
D:2:      layout_basic, nicolae_ecumenical_pavilion, uniq_robin
D:3:      layout_basic
D:4:      wad_lake_hut, layout_cave_pods
D:5:      layout_basic, nicolae_overflow_hallway_of_the_gods, temple_green,
          uniq_grinder, uniq_eustachio
D:6:      layout_rooms
Temple:   zaba_magenta_temple

Skill      XL: |  1  2  3  4  5  6  7  8 |
---------------+-------------------------+-----
Stealth        | 2 3 |  3.0
Dodging        | 2 3 4 |  4.0
Spellcasting   | 2 3 |  3.8
Ice Magic      | 4 5 6 7 |  7.1
Fighting       | 1 2 3 |  3.9

Action                     |  1- 3 |  4- 6 |  7- 9 || total
---------------------------+-------+-------+-------++-------
  Melee: Unarmed           |    18 |       |       ||    18
         Dagger            |     1 |       |       ||     1
         Staff             |       |    24 |    28 ||    52
         Punch             |       |       |     1 ||     1
   Cast: Freeze            |    56 |    54 |     2 ||   112
         Frozen Ramparts   |     6 |     9 |     5 ||    20
         Ozocubu's Armour  |       |     6 |     5 ||    11
         Summon Ice Beast  |       |     3 |    21 ||    24
    Use: Scroll            |     3 |     5 |     1 ||     9
 Armour: Robe              |    53 |    42 |    31 ||   126
  Dodge: Dodged            |    55 |    50 |    20 ||   125
         Repelled          |       |     2 |       ||     2
